[ AOE2 MATCH · #474783643 ]
UnrankedSaracens vs Byzantines
[ REPLAY ANALYSIS · EXTRACTED FROM THE RECORDED GAME ]
Feudal
13:39
Castle
17:29
Imperial
32:21
| APM avg | 28.4 |
| APM peak | 65 |
| eAPM avg | 21.8 |
| Villagers / military | 201 / 169 |
Focus
⚔️ 29.8% · 🌾 70.2%
Archer ×149 · Mameluke ×16 · Trade Cart ×13 · Monk ×2 · Trebuchet (Packed) ×2
Feudal
10:46
Castle
14:29
Imperial
28:07
| APM avg | 38.2 |
| APM peak | 92 |
| eAPM avg | 21.0 |
| Villagers / military | 122 / 234 |
Focus
⚔️ 25.8% · 🌾 74.2%
Spearman ×198 · Mangonel ×28 · Fishing Ship ×26 · Trade Cart ×10 · Trebuchet (Packed) ×4 · Monk ×2
Feudal
13:14
Castle
16:49
Imperial
24:01
| APM avg | 32.2 |
| APM peak | 75 |
| eAPM avg | 16.6 |
| Villagers / military | 90 / 148 |
Focus
⚔️ 42.5% · 🌾 57.5%
Hand Cannoneer ×62 · Spearman ×58 · Fishing Ship ×24 · Bombard Cannon ×15 · Cataphract ×12 · Cavalry Archer ×1
Feudal
10:16
Castle
21:37
Imperial
36:44
| APM avg | 51.9 |
| APM peak | 105 |
| eAPM avg | 24.6 |
| Villagers / military | 115 / 100 |
Focus
⚔️ 32.2% · 🌾 67.8%
Archer ×93 · Mangonel ×4 · Battering Ram ×3 · Fishing Ship ×2
Feudal
9:20
Castle
39:30
Imperial
45:10
| APM avg | 47.7 |
| APM peak | 89 |
| eAPM avg | 23.7 |
| Villagers / military | 101 / 31 |
Focus
⚔️ 29.8% · 🌾 70.2%
Fishing Ship ×30 · Samurai ×22 · Militia ×7 · Demolition Raft ×2
Feudal
10:57
Castle
14:48
Imperial
28:47
| APM avg | 38.2 |
| APM peak | 93 |
| eAPM avg | 25.3 |
| Villagers / military | 158 / 239 |
Focus
⚔️ 36.7% · 🌾 63.3%
Tarkan ×233 · Trade Cart ×53 · Fishing Ship ×11 · Trebuchet (Packed) ×3 · Knight ×2 · Monk ×1
Feudal
11:29
Castle
14:19
Imperial
29:53
| APM avg | 28.8 |
| APM peak | 73 |
| eAPM avg | 19.0 |
| Villagers / military | 169 / 149 |
Focus
⚔️ 14.2% · 🌾 85.8%
Battle Elephant ×143 · Trade Cart ×18 · Ballista Elephant ×5 · Monk ×1
Feudal
11:16
Castle
15:17
Imperial
34:50
| APM avg | 30.3 |
| APM peak | 69 |
| eAPM avg | 19.8 |
| Villagers / military | 109 / 252 |
Focus
⚔️ 38.0% · 🌾 62.0%
Mangudai ×105 · Spearman ×59 · Scout Cavalry ×53 · Fishing Ship ×29 · Steppe Lancer ×15 · Demolition Raft ×6
Match map
Initial resources + every placement click. Lines = walls · curves = elevation contours. ◆ gold · ⬟ stone · ● berries · ✦ relic · ◌ wall gap
Your base· Open — opponent sealed themselves in
Half_59's base· Open — opponent sealed themselves in
cyberlogx's base· ✓ Closed at 16:49 · 17t walls · no gate
.::North::.'s base· Open — opponent sealed themselves in
IRON MIKE's base· ✓ Closed at 39:30 · 64t walls · 3 gate(s)
Kempinho's base· Open — opponent sealed themselves in
Thunder_Skull's base· ✓ Closed at 14:19 · 0t walls · no gate
姬七兮's base· ✓ Closed at 15:17 · 0t walls · no gate
Smoothed initial terrain · ◌ = detected wall gap · hover for details
Inputs per minute
— Cpt.Autismo - - Half_59
Build order — Cpt.Autismo
First 150 of 582 actions detected
| 0:01 | Create | Villager (Male) |
| 0:01 | Create | Villager (Male) |
| 0:02 | Create | Villager (Male) |
| 0:03 | Build | House |
| 0:05 | Build | House |
| 0:17 | Create | Villager (Male) |
| 0:47 | Build | House |
| 1:09 | Build | House |
| 1:13 | Build | House |
| 1:16 | Build | Palisade Wall |
| 1:29 | Build | Palisade Wall |
| 1:39 | Create | Villager (Male) |
| 2:19 | Create | Villager (Male) |
| 2:20 | Create | Villager (Male) |
| 3:16 | Create | Villager (Male) |
| 3:48 | Create | Villager (Male) |
| 3:48 | Create | Villager (Male) |
| 4:11 | Create | Villager (Male) |
| 4:11 | Create | Villager (Male) |
| 4:11 | Create | Villager (Male) |
| 4:40 | Build | Lumber Camp |
| 4:58 | Build | Palisade Wall |
| 5:05 | Build | Palisade Wall |
| 5:07 | Create | Villager (Male) |
| 5:07 | Create | Villager (Male) |
| 5:34 | Create | Villager (Male) |
| 5:34 | Create | Villager (Male) |
| 5:35 | Create | Villager (Male) |
| 5:47 | Build | Palisade Wall |
| 6:40 | Create | Villager (Male) |
| 6:40 | Create | Villager (Male) |
| 6:40 | Create | Villager (Male) |
| 6:52 | Build | Palisade Wall |
| 7:19 | Create | Villager (Male) |
| 7:20 | Create | Villager (Male) |
| 7:20 | Create | Villager (Male) |
| 7:47 | Create | Villager (Male) |
| 8:10 | Build | Palisade Wall |
| 8:14 | Build | Palisade Wall |
| 8:22 | Create | Villager (Male) |
| 8:23 | Create | Villager (Male) |
| 8:23 | Create | Villager (Male) |
| 8:28 | Build | House |
| 8:37 | Build | Palisade Wall |
| 8:44 | Build | Mill |
| 9:28 | Create | Villager (Male) |
| 9:52 | Create | Villager (Male) |
| 9:58 | Build | House |
| 10:04 | Create | Villager (Male) |
| 10:12 | Build | Mining Camp |
| 10:42 | Build | House |
| 10:48 | Build | Palisade Wall |
| 11:04 | Research | Loom |
| 11:13 | Research | Feudal Age |
| 11:15 | Create | Villager (Male) |
| 11:15 | Create | Villager (Male) |
| 11:47 | Create | Villager (Male) |
| 11:56 | Build | Mill |
| 12:59 | Build | Farm |
| 13:39 | Age | Feudal Age |
| 13:40 | Build | Market |
| 13:42 | Build | Blacksmith |
| 14:49 | Research | Castle Age |
| 14:49 | Research | Castle Age |
| 14:50 | Research | Castle Age |
| 15:11 | Research | Horse Collar |
| 15:23 | Research | Double-Bit Axe |
| 15:56 | Build | Farm |
| 15:58 | Build | Farm |
| 16:02 | Build | Farm |
| 16:21 | Build | Barracks |
| 16:38 | Create | Villager (Male) |
| 16:38 | Create | Villager (Male) |
| 17:29 | Age | Castle Age |
| 17:34 | Build | Town Center |
| 17:40 | Create | Villager (Male) |
| 18:01 | Build | Stone Wall |
| 18:02 | Create | Villager (Male) |
| 18:03 | Create | Villager (Male) |
| 18:07 | Build | Farm |
| 18:55 | Build | Town Center |
| 18:57 | Create | Villager (Male) |
| 18:57 | Create | Villager (Male) |
| 19:01 | Build | Farm |
| 19:04 | Build | Farm |
| 19:18 | Create | Villager (Male) |
| 19:18 | Create | Villager (Male) |
| 19:22 | Build | Farm |
| 19:39 | Build | Stone Wall |
| 19:42 | Create | Villager (Male) |
| 19:42 | Create | Villager (Male) |
| 19:47 | Build | House |
| 19:52 | Create | Villager (Male) |
| 19:52 | Create | Villager (Male) |
| 20:02 | Build | Farm |
| 20:06 | Build | Farm |
| 20:08 | Create | Villager (Male) |
| 20:09 | Create | Villager (Male) |
| 20:16 | Build | Farm |
| 20:40 | Create | Villager (Male) |
| 20:41 | Create | Villager (Male) |
| 20:41 | Create | Villager (Male) |
| 20:41 | Create | Villager (Male) |
| 20:42 | Create | Villager (Male) |
| 20:59 | Create | Villager (Male) |
| 20:59 | Create | Villager (Male) |
| 21:03 | Build | Farm |
| 21:07 | Build | Farm |
| 21:12 | Build | Farm |
| 21:15 | Create | Villager (Male) |
| 21:16 | Create | Villager (Male) |
| 21:16 | Create | Villager (Male) |
| 21:39 | Build | Town Center |
| 21:45 | Create | Villager (Male) |
| 21:45 | Create | Villager (Male) |
| 21:45 | Create | Villager (Male) |
| 22:00 | Build | Mining Camp |
| 22:02 | Create | Villager (Male) |
| 22:02 | Create | Villager (Male) |
| 22:10 | Build | Farm |
| 22:12 | Build | Farm |
| 22:18 | Create | Villager (Male) |
| 22:18 | Create | Villager (Male) |
| 22:18 | Create | Villager (Male) |
| 22:33 | Create | Villager (Male) |
| 22:34 | Create | Villager (Male) |
| 22:34 | Create | Villager (Male) |
| 22:44 | Build | Monastery |
| 22:55 | Build | Monastery |
| 22:59 | Create | Villager (Male) |
| 22:59 | Create | Villager (Male) |
| 23:00 | Create | Villager (Male) |
| 23:00 | Create | Villager (Male) |
| 23:09 | Build | Farm |
| 23:10 | Build | Farm |
| 23:10 | Build | Farm |
| 23:10 | Build | Farm |
| 23:14 | Build | House |
| 23:16 | Build | House |
| 23:16 | Build | House |
| 23:16 | Build | House |
| 23:17 | Build | House |
| 23:17 | Build | House |
| 23:17 | Build | House |
| 23:17 | Build | House |
| 23:19 | Create | Villager (Male) |
| 23:19 | Create | Villager (Male) |
| 23:19 | Create | Villager (Male) |
| 23:33 | Research | Wheelbarrow |
| 23:36 | Create | Monk |
Build order — Half_59
First 150 of 399 actions detected
| 0:02 | Create | Villager (Male) |
| 0:02 | Create | Villager (Male) |
| 0:02 | Create | Villager (Male) |
| 0:03 | Build | House |
| 0:05 | Build | House |
| 0:12 | Create | Villager (Male) |
| 0:12 | Create | Villager (Male) |
| 1:31 | Create | Villager (Male) |
| 1:31 | Create | Villager (Male) |
| 1:46 | Build | Lumber Camp |
| 1:52 | Create | Villager (Male) |
| 2:29 | Create | Villager (Male) |
| 2:29 | Create | Villager (Male) |
| 3:01 | Create | Villager (Male) |
| 3:01 | Create | Villager (Male) |
| 3:02 | Create | Villager (Male) |
| 3:40 | Create | Villager (Male) |
| 3:55 | Build | House |
| 4:04 | Create | Villager (Male) |
| 4:05 | Create | Villager (Male) |
| 4:31 | Build | Dock |
| 4:33 | Create | Villager (Male) |
| 4:42 | Create | Villager (Male) |
| 4:43 | Create | Villager (Male) |
| 4:50 | Build | House |
| 5:15 | Create | Fishing Ship |
| 5:29 | Create | Villager (Male) |
| 5:29 | Create | Villager (Male) |
| 5:58 | Create | Fishing Ship |
| 6:17 | Create | Villager (Male) |
| 6:46 | Build | House |
| 6:51 | Create | Villager (Male) |
| 6:51 | Create | Villager (Male) |
| 6:51 | Create | Villager (Male) |
| 6:53 | Create | Fishing Ship |
| 7:08 | Create | Villager (Male) |
| 7:20 | Create | Villager (Male) |
| 7:38 | Build | Mill |
| 7:39 | Create | Villager (Male) |
| 8:04 | Create | Fishing Ship |
| 8:25 | Build | Mining Camp |
| 8:36 | Research | Feudal Age |
| 9:41 | Build | House |
| 10:46 | Age | Feudal Age |
| 10:51 | Build | Market |
| 10:54 | Build | Blacksmith |
| 10:56 | Create | Villager (Male) |
| 10:56 | Create | Villager (Male) |
| 11:49 | Research | Castle Age |
| 11:49 | Research | Castle Age |
| 11:55 | Research | Double-Bit Axe |
| 12:29 | Build | Lumber Camp |
| 12:41 | Create | Fishing Ship |
| 13:13 | Build | House |
| 13:14 | Build | House |
| 13:42 | Create | Villager (Male) |
| 14:29 | Age | Castle Age |
| 14:33 | Build | Town Center |
| 14:38 | Build | House |
| 14:43 | Build | Monastery |
| 14:44 | Create | Villager (Male) |
| 14:49 | Build | House |
| 14:51 | Build | House |
| 14:53 | Build | House |
| 15:07 | Create | Villager (Male) |
| 15:16 | Research | Bow Saw |
| 15:29 | Create | Villager (Male) |
| 15:43 | Create | Fishing Ship |
| 15:43 | Create | Fishing Ship |
| 15:44 | Create | Villager (Male) |
| 15:56 | Build | House |
| 15:59 | Create | Monk |
| 16:09 | Create | Villager (Male) |
| 16:18 | Build | Town Center |
| 16:27 | Build | Fish Trap |
| 16:28 | Build | Fish Trap |
| 16:29 | Build | Fish Trap |
| 16:31 | Build | Fish Trap |
| 16:34 | Build | Fish Trap |
| 16:36 | Create | Fishing Ship |
| 16:37 | Create | Villager (Male) |
| 16:46 | Build | House |
| 16:47 | Build | House |
| 16:48 | Build | House |
| 16:53 | Build | House |
| 17:13 | Create | Villager (Male) |
| 17:17 | Create | Villager (Male) |
| 18:08 | Research | Fletching |
| 18:09 | Create | Villager (Male) |
| 18:13 | Create | Villager (Male) |
| 18:13 | Create | Villager (Male) |
| 18:13 | Create | Villager (Male) |
| 18:16 | Build | Fish Trap |
| 18:17 | Build | Fish Trap |
| 18:20 | Build | Dock |
| 18:31 | Research | Horse Collar |
| 18:34 | Create | Villager (Male) |
| 18:37 | Create | Fishing Ship |
| 18:37 | Create | Fishing Ship |
| 18:55 | Build | House |
| 18:55 | Build | House |
| 18:59 | Create | Villager (Male) |
| 19:00 | Create | Villager (Male) |
| 19:02 | Create | Fishing Ship |
| 19:02 | Create | Fishing Ship |
| 19:02 | Create | Fishing Ship |
| 19:03 | Create | Fishing Ship |
| 19:09 | Build | House |
| 19:09 | Build | House |
| 19:18 | Build | Farm |
| 19:21 | Build | Farm |
| 19:24 | Build | Farm |
| 19:29 | Build | Farm |
| 19:33 | Build | Farm |
| 19:34 | Build | Farm |
| 19:36 | Build | Farm |
| 19:38 | Create | Villager (Male) |
| 19:38 | Create | Villager (Male) |
| 19:42 | Build | Farm |
| 19:50 | Build | Fish Trap |
| 19:51 | Build | Fish Trap |
| 19:55 | Build | House |
| 19:56 | Build | House |
| 20:11 | Build | Fish Trap |
| 20:14 | Build | Farm |
| 20:19 | Create | Villager (Male) |
| 20:19 | Create | Villager (Male) |
| 20:19 | Create | Villager (Male) |
| 20:23 | Build | Farm |
| 20:24 | Build | Farm |
| 20:46 | Build | Fish Trap |
| 20:53 | Build | Fish Trap |
| 20:55 | Create | Demolition Raft |
| 20:55 | Create | Demolition Raft |
| 21:02 | Create | Villager (Male) |
| 21:02 | Create | Villager (Male) |
| 21:02 | Create | Villager (Male) |
| 21:03 | Create | Villager (Male) |
| 21:07 | Create | Fishing Ship |
| 21:07 | Create | Fishing Ship |
| 21:08 | Create | Fishing Ship |
| 21:08 | Create | Fishing Ship |
| 21:11 | Build | Fish Trap |
| 21:13 | Build | Farm |
| 21:14 | Create | Villager (Male) |
| 21:15 | Create | Villager (Male) |
| 21:15 | Create | Villager (Male) |
| 21:26 | Research | Wheelbarrow |
| 21:30 | Build | House |
| 21:31 | Build | House |
Build order — cyberlogx
First 150 of 388 actions detected
| 0:03 | Create | Villager (Male) |
| 0:03 | Create | Villager (Male) |
| 0:03 | Create | Villager (Male) |
| 0:04 | Build | House |
| 0:05 | Build | House |
| 0:14 | Create | Villager (Male) |
| 1:33 | Create | Villager (Male) |
| 2:02 | Create | Villager (Male) |
| 2:02 | Create | Villager (Male) |
| 2:26 | Create | Villager (Male) |
| 2:26 | Create | Villager (Male) |
| 2:36 | Build | Lumber Camp |
| 2:41 | Create | Villager (Male) |
| 3:09 | Create | Villager (Male) |
| 3:31 | Create | Villager (Male) |
| 3:31 | Create | Villager (Male) |
| 3:57 | Create | Villager (Male) |
| 3:57 | Create | Villager (Male) |
| 4:18 | Build | House |
| 4:23 | Research | Loom |
| 4:29 | Create | Villager (Male) |
| 4:30 | Create | Villager (Male) |
| 5:02 | Create | Villager (Male) |
| 5:12 | Build | Dock |
| 5:49 | Create | Villager (Male) |
| 5:49 | Create | Villager (Male) |
| 5:49 | Create | Villager (Male) |
| 6:01 | Build | House |
| 6:02 | Create | Fishing Ship |
| 6:02 | Create | Fishing Ship |
| 6:19 | Create | Villager (Male) |
| 6:23 | Create | Fishing Ship |
| 6:28 | Build | House |
| 6:53 | Create | Villager (Male) |
| 7:22 | Create | Fishing Ship |
| 7:26 | Create | Villager (Male) |
| 7:50 | Build | House |
| 7:59 | Create | Villager (Male) |
| 8:00 | Create | Villager (Male) |
| 8:03 | Create | Villager (Male) |
| 8:23 | Build | Mill |
| 8:27 | Create | Villager (Male) |
| 9:28 | Create | Fishing Ship |
| 9:28 | Create | Fishing Ship |
| 9:29 | Create | Fishing Ship |
| 9:29 | Create | Fishing Ship |
| 9:44 | Build | Palisade Wall |
| 9:46 | Build | Palisade Wall |
| 10:02 | Build | Palisade Wall |
| 10:03 | Build | Palisade Wall |
| 10:05 | Create | Villager (Male) |
| 10:05 | Create | Villager (Male) |
| 10:06 | Create | Villager (Male) |
| 10:06 | Create | Villager (Male) |
| 10:06 | Create | Villager (Male) |
| 10:57 | Create | Fishing Ship |
| 10:58 | Create | Fishing Ship |
| 10:59 | Build | House |
| 11:04 | Research | Feudal Age |
| 11:05 | Create | Villager (Male) |
| 11:16 | Build | Mining Camp |
| 11:31 | Create | Villager (Male) |
| 12:44 | Build | House |
| 13:14 | Age | Feudal Age |
| 13:18 | Build | Market |
| 13:26 | Build | Blacksmith |
| 13:27 | Create | Villager (Male) |
| 13:58 | Build | House |
| 14:09 | Research | Castle Age |
| 14:39 | Build | Fish Trap |
| 14:40 | Build | Fish Trap |
| 15:01 | Build | Fish Trap |
| 15:42 | Build | Fish Trap |
| 16:23 | Build | Fish Trap |
| 16:34 | Build | Fish Trap |
| 16:49 | Age | Castle Age |
| 16:52 | Create | Villager (Male) |
| 16:52 | Create | Villager (Male) |
| 17:11 | Build | University |
| 17:41 | Create | Villager (Male) |
| 17:50 | Build | Siege Workshop |
| 18:05 | Create | Villager (Male) |
| 18:06 | Create | Villager (Male) |
| 18:18 | Build | Fish Trap |
| 18:21 | Build | Fish Trap |
| 18:56 | Build | Barracks |
| 19:09 | Build | Fish Trap |
| 19:53 | Build | Archery Range |
| 20:40 | Build | Archery Range |
| 20:51 | Research | Imperial Age |
| 21:22 | Build | Dock |
| 21:31 | Research | Tech 906 |
| 21:33 | Create | Fishing Ship |
| 21:33 | Create | Fishing Ship |
| 21:59 | Build | House |
| 22:07 | Build | House |
| 22:12 | Build | House |
| 22:16 | Research | Double-Bit Axe |
| 22:17 | Research | Horse Collar |
| 22:20 | Create | Fishing Ship |
| 22:21 | Create | Fishing Ship |
| 22:23 | Build | House |
| 22:25 | Build | House |
| 22:26 | Build | House |
| 22:30 | Create | Fishing Ship |
| 22:30 | Create | Fishing Ship |
| 22:36 | Build | Fish Trap |
| 23:00 | Build | House |
| 23:08 | Build | Palisade Gate |
| 23:13 | Build | Palisade Wall |
| 24:00 | Build | House |
| 24:01 | Age | Imperial Age |
| 24:07 | Research | Chemistry |
| 24:11 | Build | Fish Trap |
| 24:13 | Build | Fish Trap |
| 24:14 | Build | Fish Trap |
| 24:16 | Build | Fish Trap |
| 24:19 | Research | Gillnets |
| 24:20 | Create | Fishing Ship |
| 24:22 | Build | House |
| 24:44 | Create | Fishing Ship |
| 24:45 | Create | Fishing Ship |
| 25:03 | Build | Lumber Camp |
| 25:49 | Create | Bombard Cannon |
| 26:01 | Create | Hand Cannoneer |
| 26:02 | Create | Hand Cannoneer |
| 26:02 | Create | Hand Cannoneer |
| 26:02 | Create | Hand Cannoneer |
| 26:03 | Create | Hand Cannoneer |
| 26:11 | Create | Villager (Male) |
| 26:11 | Create | Villager (Male) |
| 26:15 | Build | Fish Trap |
| 26:17 | Build | Fish Trap |
| 26:22 | Build | Fish Trap |
| 26:25 | Create | Fishing Ship |
| 26:25 | Create | Fishing Ship |
| 26:57 | Build | House |
| 26:58 | Build | House |
| 27:00 | Build | House |
| 27:05 | Create | Bombard Cannon |
| 27:29 | Create | Cavalry Archer |
| 27:29 | Create | Hand Cannoneer |
| 27:30 | Create | Hand Cannoneer |
| 27:30 | Create | Hand Cannoneer |
| 27:44 | Create | Bombard Cannon |
| 27:51 | Create | Hand Cannoneer |
| 27:51 | Create | Hand Cannoneer |
| 27:51 | Create | Hand Cannoneer |
| 27:54 | Create | Villager (Male) |
| 27:54 | Create | Villager (Male) |
Build order — .::North::.
First 150 of 330 actions detected
| 0:01 | Create | Villager (Male) |
| 0:01 | Create | Villager (Male) |
| 0:02 | Create | Villager (Male) |
| 0:02 | Create | Villager (Male) |
| 0:03 | Build | House |
| 0:05 | Build | House |
| 0:23 | Research | Loom |
| 0:45 | Create | Villager (Male) |
| 0:45 | Create | Villager (Male) |
| 0:45 | Create | Villager (Male) |
| 0:46 | Create | Villager (Male) |
| 2:04 | Create | Villager (Male) |
| 2:04 | Create | Villager (Male) |
| 2:35 | Create | Villager (Male) |
| 2:36 | Create | Villager (Male) |
| 2:36 | Create | Villager (Male) |
| 2:38 | Build | Lumber Camp |
| 3:24 | Create | Villager (Male) |
| 3:24 | Create | Villager (Male) |
| 3:24 | Create | Villager (Male) |
| 3:36 | Build | House |
| 3:43 | Create | Villager (Male) |
| 3:43 | Create | Villager (Male) |
| 4:36 | Create | Villager (Male) |
| 4:36 | Create | Villager (Male) |
| 5:29 | Build | Lumber Camp |
| 5:38 | Create | Villager (Male) |
| 5:39 | Create | Villager (Male) |
| 5:39 | Create | Villager (Male) |
| 5:39 | Create | Villager (Male) |
| 5:54 | Create | Villager (Male) |
| 6:17 | Build | Mining Camp |
| 6:37 | Create | Villager (Male) |
| 6:37 | Create | Villager (Male) |
| 6:42 | Build | House |
| 8:06 | Research | Feudal Age |
| 8:06 | Research | Feudal Age |
| 8:26 | Build | Barracks |
| 9:48 | Create | Villager (Male) |
| 10:13 | Build | Palisade Gate |
| 10:16 | Age | Feudal Age |
| 10:21 | Build | Archery Range |
| 10:52 | Create | Villager (Male) |
| 10:52 | Create | Villager (Male) |
| 10:58 | Create | Archer |
| 10:59 | Create | Archer |
| 11:02 | Create | Villager (Male) |
| 11:15 | Build | Mill |
| 11:31 | Create | Archer |
| 11:33 | Create | Villager (Male) |
| 11:35 | Build | House |
| 11:55 | Build | Blacksmith |
| 12:02 | Create | Villager (Male) |
| 12:20 | Create | Villager (Male) |
| 12:33 | Create | Archer |
| 12:35 | Build | Archery Range |
| 12:38 | Create | Villager (Male) |
| 12:51 | Build | Gate |
| 13:02 | Create | Villager (Male) |
| 13:20 | Create | Villager (Male) |
| 13:44 | Create | Villager (Male) |
| 13:47 | Create | Archer |
| 13:47 | Create | Archer |
| 13:50 | Build | House |
| 13:51 | Build | House |
| 13:51 | Research | Fletching |
| 14:07 | Create | Villager (Male) |
| 14:15 | Create | Villager (Male) |
| 14:16 | Create | Archer |
| 14:16 | Create | Archer |
| 14:37 | Build | Dock |
| 14:40 | Create | Villager (Male) |
| 14:58 | Create | Archer |
| 14:58 | Create | Archer |
| 15:02 | Build | Mill |
| 15:06 | Build | Farm |
| 15:16 | Research | Horse Collar |
| 15:29 | Create | Villager (Male) |
| 15:38 | Create | Archer |
| 15:38 | Create | Archer |
| 15:39 | Create | Villager (Male) |
| 15:42 | Build | House |
| 15:42 | Build | House |
| 15:53 | Build | House |
| 16:01 | Create | Villager (Male) |
| 16:24 | Create | Fishing Ship |
| 16:34 | Create | Villager (Male) |
| 16:38 | Create | Archer |
| 16:39 | Create | Archer |
| 17:03 | Create | Villager (Male) |
| 17:05 | Create | Fishing Ship |
| 17:08 | Build | House |
| 17:33 | Create | Archer |
| 17:33 | Create | Archer |
| 17:37 | Create | Villager (Male) |
| 18:07 | Build | Market |
| 18:16 | Create | Archer |
| 18:17 | Create | Villager (Male) |
| 18:57 | Research | Castle Age |
| 18:57 | Research | Castle Age |
| 18:58 | Create | Archer |
| 18:58 | Create | Archer |
| 19:02 | Build | House |
| 19:24 | Create | Villager (Male) |
| 19:24 | Create | Archer |
| 19:25 | Create | Archer |
| 19:29 | Build | Farm |
| 19:55 | Create | Archer |
| 19:55 | Create | Archer |
| 20:00 | Create | Villager (Male) |
| 20:02 | Build | Farm |
| 20:04 | Build | Farm |
| 20:26 | Create | Archer |
| 20:26 | Create | Archer |
| 21:00 | Create | Archer |
| 21:01 | Create | Archer |
| 21:02 | Create | Villager (Male) |
| 21:04 | Build | Farm |
| 21:05 | Build | Farm |
| 21:11 | Create | Archer |
| 21:11 | Create | Archer |
| 21:37 | Age | Castle Age |
| 21:40 | Research | Crossbowman (upgrade) |
| 21:49 | Research | Bodkin Arrow |
| 22:28 | Create | Villager (Male) |
| 22:28 | Create | Archer |
| 22:28 | Create | Archer |
| 22:37 | Create | Archer |
| 22:37 | Create | Archer |
| 22:38 | Create | Villager (Male) |
| 22:42 | Build | Siege Workshop |
| 22:48 | Build | Farm |
| 22:50 | Build | Farm |
| 22:53 | Build | Lumber Camp |
| 23:09 | Create | Archer |
| 23:20 | Create | Villager (Male) |
| 23:48 | Create | Villager (Male) |
| 23:49 | Build | Farm |
| 23:50 | Build | Farm |
| 23:52 | Create | Archer |
| 23:52 | Create | Archer |
| 23:53 | Build | House |
| 23:55 | Create | Villager (Male) |
| 24:05 | Create | Archer |
| 24:06 | Create | Archer |
| 24:29 | Create | Archer |
| 24:29 | Create | Archer |
| 24:52 | Create | Mangonel |
| 24:55 | Build | House |
| 25:05 | Create | Mangonel |
Build order — IRON MIKE
First 150 of 260 actions detected
| 0:01 | Create | Villager (Male) |
| 0:02 | Create | Villager (Male) |
| 0:03 | Build | House |
| 0:04 | Build | House |
| 0:15 | Create | Villager (Male) |
| 0:15 | Create | Villager (Male) |
| 0:16 | Create | Villager (Male) |
| 1:41 | Research | Loom |
| 2:02 | Create | Villager (Male) |
| 2:02 | Create | Villager (Male) |
| 2:02 | Create | Villager (Male) |
| 2:20 | Build | Palisade Wall |
| 2:37 | Build | Palisade Wall |
| 2:52 | Create | Villager (Male) |
| 2:53 | Create | Villager (Male) |
| 2:53 | Create | Villager (Male) |
| 3:05 | Build | Lumber Camp |
| 3:08 | Build | House |
| 3:28 | Create | Villager (Male) |
| 3:56 | Create | Villager (Male) |
| 4:24 | Create | Villager (Male) |
| 4:32 | Create | Villager (Male) |
| 4:54 | Create | Villager (Male) |
| 4:58 | Create | Villager (Male) |
| 5:08 | Create | Villager (Male) |
| 5:08 | Create | Villager (Male) |
| 5:24 | Create | Villager (Male) |
| 5:49 | Create | Villager (Male) |
| 6:14 | Build | Barracks |
| 6:20 | Create | Villager (Male) |
| 6:45 | Create | Villager (Male) |
| 7:08 | Research | Feudal Age |
| 7:08 | Research | Feudal Age |
| 7:23 | Build | House |
| 7:55 | Build | Mining Camp |
| 7:58 | Create | Militia |
| 7:59 | Create | Militia |
| 7:59 | Create | Militia |
| 8:02 | Build | House |
| 8:23 | Create | Militia |
| 8:23 | Create | Militia |
| 8:55 | Build | Mill |
| 9:02 | Create | Militia |
| 9:20 | Age | Feudal Age |
| 9:24 | Research | Man-at-Arms (upgrade) |
| 9:24 | Research | Man-at-Arms (upgrade) |
| 10:46 | Create | Militia |
| 10:47 | Create | Villager (Male) |
| 10:47 | Create | Villager (Male) |
| 10:50 | Create | Villager (Male) |
| 11:01 | Build | Stone Wall |
| 11:04 | Build | Stone Wall |
| 12:16 | Create | Villager (Male) |
| 12:22 | Build | Stone Wall |
| 12:24 | Build | Stone Wall |
| 12:52 | Create | Villager (Male) |
| 12:56 | Create | Villager (Male) |
| 12:57 | Create | Villager (Male) |
| 12:59 | Build | Farm |
| 13:00 | Build | Farm |
| 13:02 | Build | Dock |
| 13:06 | Build | Lumber Camp |
| 13:07 | Build | Barracks |
| 13:12 | Create | Villager (Male) |
| 13:24 | Build | Stone Wall |
| 13:36 | Create | Villager (Male) |
| 13:40 | Build | Mill |
| 13:50 | Create | Fishing Ship |
| 13:50 | Create | Fishing Ship |
| 13:56 | Build | Dock |
| 14:16 | Build | House |
| 14:30 | Create | Villager (Male) |
| 14:34 | Build | House |
| 14:38 | Create | Fishing Ship |
| 14:41 | Research | Town Watch |
| 15:15 | Create | Villager (Male) |
| 15:21 | Build | Mining Camp |
| 15:33 | Build | Lumber Camp |
| 15:37 | Create | Villager (Male) |
| 15:42 | Build | House |
| 16:03 | Create | Villager (Male) |
| 16:03 | Create | Villager (Male) |
| 16:08 | Build | House |
| 16:18 | Create | Villager (Male) |
| 16:26 | Create | Villager (Male) |
| 16:35 | Create | Fishing Ship |
| 16:36 | Create | Fishing Ship |
| 16:36 | Create | Fishing Ship |
| 16:47 | Create | Villager (Male) |
| 16:56 | Build | House |
| 17:02 | Create | Villager (Male) |
| 17:21 | Create | Villager (Male) |
| 17:22 | Research | Double-Bit Axe |
| 17:22 | Research | Double-Bit Axe |
| 17:24 | Create | Fishing Ship |
| 17:25 | Research | Tech 906 |
| 18:09 | Create | Villager (Male) |
| 18:10 | Create | Villager (Male) |
| 18:15 | Create | Villager (Male) |
| 18:24 | Build | Stone Wall |
| 18:29 | Create | Villager (Male) |
| 18:35 | Create | Fishing Ship |
| 18:35 | Create | Fishing Ship |
| 18:49 | Create | Villager (Male) |
| 19:05 | Build | Stone Wall |
| 19:15 | Build | Gate |
| 19:43 | Create | Villager (Male) |
| 19:56 | Create | Villager (Male) |
| 19:58 | Build | Stone Wall |
| 20:00 | Create | Villager (Male) |
| 20:11 | Build | Gate |
| 20:18 | Create | Villager (Male) |
| 20:21 | Build | Market |
| 20:31 | Build | House |
| 20:34 | Build | House |
| 21:08 | Build | Watch Tower |
| 21:25 | Build | Watch Tower |
| 21:30 | Create | Demolition Raft |
| 21:31 | Create | Demolition Raft |
| 21:42 | Build | House |
| 21:44 | Build | House |
| 21:48 | Build | Palisade Wall |
| 21:50 | Build | Palisade Wall |
| 22:48 | Build | Watch Tower |
| 23:57 | Build | Watch Tower |
| 24:09 | Create | Villager (Male) |
| 24:10 | Create | Villager (Male) |
| 24:10 | Create | Villager (Male) |
| 24:30 | Build | Watch Tower |
| 25:14 | Build | Watch Tower |
| 25:49 | Build | Mining Camp |
| 27:31 | Build | Fish Trap |
| 28:55 | Create | Villager (Male) |
| 28:55 | Create | Villager (Male) |
| 28:55 | Create | Villager (Male) |
| 29:05 | Build | House |
| 29:10 | Build | Fish Trap |
| 29:19 | Build | Fish Trap |
| 29:31 | Create | Villager (Male) |
| 29:33 | Build | Fish Trap |
| 29:34 | Build | Fish Trap |
| 29:36 | Build | Fish Trap |
| 29:54 | Create | Villager (Male) |
| 30:06 | Create | Villager (Male) |
| 30:38 | Build | Lumber Camp |
| 30:42 | Create | Fishing Ship |
| 30:42 | Create | Fishing Ship |
| 30:54 | Create | Villager (Male) |
| 30:59 | Create | Fishing Ship |
| 30:59 | Create | Fishing Ship |
Build order — Kempinho
First 150 of 651 actions detected
| 0:01 | Create | Villager (Male) |
| 0:01 | Create | Villager (Male) |
| 0:13 | Create | Villager (Male) |
| 0:30 | Create | Villager (Male) |
| 0:30 | Create | Villager (Male) |
| 1:21 | Create | Villager (Male) |
| 1:21 | Create | Villager (Male) |
| 1:49 | Build | Lumber Camp |
| 1:50 | Create | Villager (Male) |
| 1:50 | Create | Villager (Male) |
| 1:50 | Create | Villager (Male) |
| 2:26 | Create | Villager (Male) |
| 2:26 | Create | Villager (Male) |
| 2:48 | Create | Villager (Male) |
| 2:48 | Create | Villager (Male) |
| 2:52 | Create | Villager (Male) |
| 3:22 | Create | Villager (Male) |
| 3:22 | Create | Villager (Male) |
| 4:00 | Create | Villager (Male) |
| 4:21 | Create | Villager (Male) |
| 4:21 | Create | Villager (Male) |
| 4:43 | Create | Villager (Male) |
| 4:44 | Create | Villager (Male) |
| 5:24 | Create | Villager (Male) |
| 5:24 | Create | Villager (Male) |
| 5:46 | Build | Dock |
| 6:11 | Create | Villager (Male) |
| 6:25 | Create | Fishing Ship |
| 6:39 | Create | Villager (Male) |
| 6:54 | Create | Villager (Male) |
| 6:58 | Create | Fishing Ship |
| 7:09 | Create | Villager (Male) |
| 7:10 | Create | Villager (Male) |
| 7:55 | Create | Fishing Ship |
| 8:05 | Create | Villager (Male) |
| 8:27 | Build | Mill |
| 8:35 | Build | Mining Camp |
| 8:47 | Research | Feudal Age |
| 8:47 | Research | Feudal Age |
| 8:52 | Create | Fishing Ship |
| 9:39 | Create | Fishing Ship |
| 10:03 | Build | Mill |
| 10:57 | Age | Feudal Age |
| 11:01 | Create | Villager (Male) |
| 11:02 | Create | Villager (Male) |
| 11:12 | Build | Market |
| 11:30 | Build | Blacksmith |
| 11:58 | Create | Villager (Male) |
| 11:58 | Create | Villager (Male) |
| 12:08 | Research | Castle Age |
| 12:08 | Research | Castle Age |
| 12:49 | Research | Double-Bit Axe |
| 12:49 | Research | Double-Bit Axe |
| 12:50 | Research | Horse Collar |
| 12:53 | Research | Tech 906 |
| 13:03 | Build | Lumber Camp |
| 13:24 | Build | Palisade Wall |
| 13:26 | Build | Palisade Wall |
| 13:28 | Build | Palisade Wall |
| 13:44 | Build | Palisade Wall |
| 13:48 | Build | Palisade Wall |
| 13:53 | Build | Palisade Wall |
| 13:55 | Build | Palisade Wall |
| 13:58 | Build | Palisade Wall |
| 13:59 | Build | Palisade Wall |
| 14:00 | Build | Palisade Wall |
| 14:11 | Build | Palisade Wall |
| 14:14 | Build | Palisade Wall |
| 14:15 | Build | Palisade Wall |
| 14:17 | Build | Palisade Wall |
| 14:20 | Build | Palisade Wall |
| 14:23 | Build | Palisade Wall |
| 14:25 | Build | Palisade Wall |
| 14:27 | Build | Palisade Wall |
| 14:45 | Research | Loom |
| 14:45 | Research | Loom |
| 14:48 | Age | Castle Age |
| 15:01 | Build | Town Center |
| 15:05 | Build | Town Center |
| 15:07 | Create | Villager (Male) |
| 15:07 | Create | Villager (Male) |
| 15:27 | Build | Monastery |
| 15:28 | Create | Villager (Male) |
| 15:36 | Build | Fish Trap |
| 15:55 | Build | Fish Trap |
| 16:06 | Create | Villager (Male) |
| 16:32 | Create | Villager (Male) |
| 16:32 | Create | Villager (Male) |
| 16:33 | Create | Monk |
| 16:41 | Build | Fish Trap |
| 16:47 | Build | Fish Trap |
| 16:54 | Build | Fish Trap |
| 16:59 | Create | Villager (Male) |
| 17:05 | Create | Villager (Male) |
| 17:35 | Create | Villager (Male) |
| 17:42 | Build | Town Center |
| 17:43 | Create | Fishing Ship |
| 18:08 | Create | Villager (Male) |
| 18:14 | Build | Farm |
| 18:16 | Build | Farm |
| 18:18 | Build | Farm |
| 18:19 | Build | Farm |
| 18:24 | Create | Villager (Male) |
| 18:25 | Create | Villager (Male) |
| 18:28 | Create | Fishing Ship |
| 18:29 | Build | Fish Trap |
| 18:37 | Create | Villager (Male) |
| 18:39 | Create | Villager (Male) |
| 18:40 | Create | Villager (Male) |
| 18:40 | Create | Villager (Male) |
| 18:40 | Create | Villager (Male) |
| 18:44 | Build | Farm |
| 18:45 | Build | Farm |
| 18:46 | Build | Farm |
| 18:49 | Build | Farm |
| 19:00 | Create | Villager (Male) |
| 19:00 | Create | Villager (Male) |
| 19:05 | Create | Fishing Ship |
| 19:15 | Build | Farm |
| 19:17 | Create | Villager (Male) |
| 19:17 | Create | Villager (Male) |
| 19:19 | Build | Fish Trap |
| 19:22 | Create | Villager (Male) |
| 19:23 | Create | Villager (Male) |
| 19:37 | Create | Villager (Male) |
| 19:45 | Create | Villager (Male) |
| 19:46 | Create | Villager (Male) |
| 19:46 | Create | Villager (Male) |
| 19:49 | Create | Villager (Male) |
| 19:50 | Create | Villager (Male) |
| 19:51 | Build | Farm |
| 19:54 | Build | Farm |
| 19:56 | Build | Farm |
| 19:59 | Create | Villager (Male) |
| 20:00 | Build | Fish Trap |
| 20:01 | Create | Fishing Ship |
| 20:05 | Create | Villager (Male) |
| 20:05 | Create | Villager (Male) |
| 20:07 | Create | Villager (Male) |
| 20:08 | Create | Villager (Male) |
| 20:17 | Create | Villager (Male) |
| 20:17 | Create | Villager (Male) |
| 20:27 | Build | Farm |
| 20:28 | Create | Villager (Male) |
| 20:28 | Create | Villager (Male) |
| 20:30 | Build | Farm |
| 20:34 | Build | Farm |
| 20:35 | Create | Villager (Male) |
| 20:36 | Build | Farm |
| 20:39 | Build | Farm |
Build order — Thunder_Skull
First 150 of 404 actions detected
| 0:01 | Create | Villager (Male) |
| 0:01 | Create | Villager (Male) |
| 0:01 | Create | Villager (Male) |
| 0:05 | Build | House |
| 0:07 | Build | House |
| 0:40 | Create | Villager (Male) |
| 1:45 | Create | Villager (Male) |
| 1:45 | Create | Villager (Male) |
| 1:49 | Build | Lumber Camp |
| 1:54 | Create | Villager (Male) |
| 2:27 | Create | Villager (Male) |
| 2:58 | Create | Villager (Male) |
| 2:59 | Create | Villager (Male) |
| 3:14 | Create | Villager (Male) |
| 3:30 | Build | House |
| 3:42 | Create | Villager (Male) |
| 4:04 | Create | Villager (Male) |
| 4:24 | Build | Mill |
| 4:41 | Create | Villager (Male) |
| 5:07 | Create | Villager (Male) |
| 5:08 | Create | Villager (Male) |
| 5:33 | Create | Villager (Male) |
| 5:55 | Create | Villager (Male) |
| 6:04 | Build | House |
| 6:24 | Create | Villager (Male) |
| 6:25 | Create | Villager (Male) |
| 6:56 | Create | Villager (Male) |
| 7:15 | Create | Villager (Male) |
| 7:35 | Create | Villager (Male) |
| 7:48 | Build | House |
| 7:51 | Create | Villager (Male) |
| 8:26 | Create | Villager (Male) |
| 8:36 | Build | Mill |
| 9:16 | Research | Feudal Age |
| 9:26 | Build | Mining Camp |
| 9:58 | Build | Farm |
| 10:02 | Build | Farm |
| 10:05 | Build | Farm |
| 10:08 | Build | Farm |
| 10:28 | Build | Farm |
| 10:54 | Build | Farm |
| 11:29 | Age | Feudal Age |
| 11:39 | Research | Castle Age |
| 14:19 | Age | Castle Age |
| 14:20 | Research | Wheelbarrow |
| 14:25 | Build | Town Center |
| 14:43 | Build | Town Center |
| 15:13 | Research | Double-Bit Axe |
| 15:38 | Research | Hand Cart |
| 15:50 | Create | Villager (Male) |
| 15:51 | Create | Villager (Male) |
| 16:18 | Create | Villager (Male) |
| 16:18 | Create | Villager (Male) |
| 16:37 | Create | Villager (Male) |
| 16:39 | Create | Villager (Male) |
| 16:40 | Create | Villager (Male) |
| 16:40 | Create | Villager (Male) |
| 17:04 | Create | Villager (Male) |
| 17:19 | Create | Villager (Male) |
| 17:22 | Research | Bow Saw |
| 17:27 | Create | Villager (Male) |
| 17:30 | Create | Villager (Male) |
| 17:38 | Build | Farm |
| 17:43 | Build | Farm |
| 17:48 | Build | Farm |
| 17:49 | Build | Farm |
| 17:53 | Create | Villager (Male) |
| 17:57 | Create | Villager (Male) |
| 18:01 | Build | Farm |
| 18:06 | Create | Villager (Male) |
| 18:12 | Build | House |
| 18:15 | Research | Loom |
| 18:21 | Build | Farm |
| 18:22 | Build | Farm |
| 18:23 | Build | Farm |
| 18:24 | Create | Villager (Male) |
| 18:26 | Create | Villager (Male) |
| 18:32 | Build | House |
| 18:45 | Build | Farm |
| 18:49 | Build | Farm |
| 18:50 | Create | Villager (Male) |
| 18:51 | Create | Villager (Male) |
| 18:53 | Create | Villager (Male) |
| 19:13 | Build | Farm |
| 19:13 | Build | Farm |
| 19:15 | Create | Villager (Male) |
| 19:17 | Create | Villager (Male) |
| 19:21 | Build | House |
| 19:23 | Create | Villager (Male) |
| 19:39 | Build | Farm |
| 19:40 | Create | Villager (Male) |
| 19:42 | Build | Farm |
| 19:48 | Create | Villager (Male) |
| 20:06 | Build | Town Center |
| 20:07 | Create | Villager (Male) |
| 20:08 | Create | Villager (Male) |
| 20:08 | Create | Villager (Male) |
| 20:13 | Build | House |
| 20:17 | Build | Farm |
| 20:20 | Build | Farm |
| 20:22 | Create | Villager (Male) |
| 20:22 | Create | Villager (Male) |
| 20:31 | Create | Villager (Male) |
| 20:36 | Build | Farm |
| 20:38 | Create | Villager (Male) |
| 20:45 | Build | Farm |
| 20:47 | Create | Villager (Male) |
| 20:52 | Build | House |
| 20:55 | Build | Farm |
| 21:01 | Create | Villager (Male) |
| 21:17 | Build | Town Center |
| 21:20 | Build | Farm |
| 21:21 | Create | Villager (Male) |
| 21:22 | Create | Villager (Male) |
| 21:22 | Create | Villager (Male) |
| 21:23 | Create | Villager (Male) |
| 21:26 | Build | Farm |
| 21:35 | Build | Town Center |
| 21:37 | Build | Farm |
| 21:37 | Create | Villager (Male) |
| 21:38 | Create | Villager (Male) |
| 21:38 | Create | Villager (Male) |
| 21:39 | Create | Villager (Male) |
| 21:43 | Build | Farm |
| 21:45 | Research | Horse Collar |
| 21:57 | Build | House |
| 21:58 | Build | House |
| 22:02 | Build | Farm |
| 22:07 | Build | Farm |
| 22:10 | Create | Villager (Male) |
| 22:10 | Create | Villager (Male) |
| 22:11 | Create | Villager (Male) |
| 22:11 | Create | Villager (Male) |
| 22:20 | Build | Farm |
| 22:21 | Create | Villager (Male) |
| 22:22 | Create | Villager (Male) |
| 22:23 | Create | Villager (Male) |
| 22:23 | Create | Villager (Male) |
| 22:30 | Build | Farm |
| 22:32 | Build | Farm |
| 22:32 | Create | Villager (Male) |
| 22:37 | Create | Villager (Male) |
| 22:44 | Build | Monastery |
| 22:47 | Build | Farm |
| 22:48 | Create | Villager (Male) |
| 22:49 | Create | Villager (Male) |
| 22:56 | Research | Gold Mining |
| 23:02 | Build | Farm |
| 23:05 | Build | Farm |
| 23:05 | Create | Villager (Male) |
Build order — 姬七兮
First 150 of 411 actions detected
| 0:03 | Create | Villager (Male) ×4 |
| 0:05 | Build | House |
| 0:06 | Build | House |
| 1:22 | Create | Villager (Male) |
| 1:25 | Build | Lumber Camp |
| 2:09 | Create | Villager (Male) |
| 2:09 | Create | Villager (Male) |
| 2:31 | Create | Villager (Male) |
| 2:32 | Create | Villager (Male) |
| 2:51 | Create | Villager (Male) |
| 3:30 | Build | House |
| 3:34 | Create | Villager (Male) |
| 3:34 | Create | Villager (Male) |
| 3:48 | Create | Villager (Male) |
| 3:48 | Create | Villager (Male) |
| 4:18 | Build | Dock |
| 4:25 | Create | Villager (Male) |
| 4:25 | Create | Villager (Male) |
| 4:51 | Create | Villager (Male) |
| 4:51 | Create | Villager (Male) |
| 5:13 | Create | Fishing Ship |
| 5:16 | Create | Villager (Male) |
| 5:37 | Create | Villager (Male) |
| 5:39 | Create | Villager (Male) |
| 5:40 | Create | Villager (Male) |
| 5:44 | Create | Fishing Ship |
| 5:49 | Build | House |
| 6:22 | Create | Villager (Male) |
| 6:33 | Build | House |
| 6:39 | Create | Fishing Ship |
| 6:43 | Create | Villager (Male) |
| 7:20 | Create | Fishing Ship |
| 8:05 | Create | Villager (Male) |
| 8:06 | Create | Fishing Ship |
| 8:26 | Build | Mill |
| 8:41 | Create | Villager (Male) |
| 8:43 | Research | Feudal Age |
| 9:08 | Build | Mining Camp |
| 10:27 | Build | House |
| 10:33 | Build | House |
| 11:16 | Age | Feudal Age |
| 11:22 | Create | Villager (Male) |
| 11:22 | Create | Villager (Male) |
| 11:27 | Research | Double-Bit Axe |
| 11:28 | Build | Blacksmith |
| 11:35 | Build | Market |
| 12:05 | Create | Villager (Male) |
| 12:08 | Build | Fish Trap |
| 12:35 | Research | Castle Age |
| 12:35 | Research | Castle Age |
| 12:43 | Build | Fish Trap |
| 13:12 | Build | Fish Trap |
| 13:31 | Build | Fish Trap |
| 13:55 | Build | Fish Trap |
| 14:03 | Research | Tech 906 |
| 14:22 | Build | House |
| 15:11 | Create | Villager (Male) |
| 15:12 | Create | Demolition Raft |
| 15:16 | Create | Fishing Ship |
| 15:17 | Age | Castle Age |
| 15:26 | Build | Town Center |
| 15:37 | Build | Lumber Camp |
| 15:42 | Create | Villager (Male) |
| 15:57 | Build | Dock |
| 16:01 | Create | Villager (Male) |
| 16:08 | Build | Fish Trap |
| 16:17 | Research | Bow Saw |
| 16:34 | Create | Villager (Male) |
| 16:38 | Create | Fishing Ship |
| 16:46 | Create | Fishing Ship |
| 16:52 | Create | Villager (Male) |
| 16:52 | Create | Villager (Male) |
| 16:57 | Create | Villager (Male) |
| 17:26 | Create | Fishing Ship |
| 17:27 | Research | Gillnets |
| 17:31 | Build | Fish Trap |
| 17:34 | Create | Villager (Male) |
| 17:35 | Create | Villager (Male) |
| 17:37 | Build | Fish Trap |
| 17:40 | Create | Villager (Male) |
| 17:44 | Build | Mining Camp |
| 17:46 | Create | Villager (Male) |
| 18:07 | Create | Fishing Ship |
| 18:10 | Build | Monastery |
| 18:13 | Create | Villager (Male) |
| 18:20 | Build | Fish Trap |
| 18:25 | Create | Demolition Raft |
| 18:30 | Create | Fishing Ship |
| 18:36 | Create | Villager (Male) |
| 18:37 | Create | Villager (Male) |
| 18:48 | Build | House |
| 18:49 | Build | House |
| 18:52 | Research | Loom |
| 18:56 | Research | Wheelbarrow |
| 19:01 | Build | Fish Trap |
| 19:08 | Create | Villager (Male) |
| 19:25 | Build | Fish Trap |
| 19:28 | Create | Fishing Ship |
| 19:28 | Create | Fishing Ship |
| 19:30 | Create | Villager (Male) |
| 19:36 | Create | Monk |
| 19:40 | Build | House |
| 19:41 | Build | House |
| 19:42 | Create | Villager (Male) |
| 20:06 | Build | Dock |
| 20:14 | Create | Fishing Ship |
| 20:14 | Create | Fishing Ship |
| 20:30 | Build | Fish Trap |
| 20:32 | Build | Fish Trap |
| 20:35 | Create | Fishing Ship |
| 20:35 | Create | Fishing Ship |
| 20:36 | Create | Villager (Male) ×5 |
| 20:52 | Build | House |
| 21:03 | Build | Siege Workshop |
| 21:20 | Build | Fish Trap |
| 21:21 | Build | Fish Trap |
| 21:23 | Create | Villager (Male) ×5 |
| 21:53 | Build | House |
| 21:55 | Build | House |
| 21:58 | Build | House |
| 22:01 | Build | Barracks |
| 22:08 | Build | Fish Trap |
| 22:10 | Build | Fish Trap |
| 22:16 | Create | Scorpion |
| 22:30 | Research | Scale Barding Armor |
| 22:35 | Create | Fishing Ship |
| 22:36 | Create | Fishing Ship |
| 22:36 | Create | Fishing Ship |
| 22:38 | Create | Villager (Male) |
| 22:39 | Create | Villager (Male) |
| 22:54 | Build | Stable |
| 22:57 | Create | Scorpion |
| 23:07 | Create | Villager (Male) |
| 23:09 | Research | Gold Mining |
| 23:17 | Create | Villager (Male) |
| 23:17 | Create | Villager (Male) |
| 23:17 | Create | Villager (Male) |
| 23:23 | Build | Fish Trap |
| 23:26 | Build | Fish Trap |
| 23:33 | Create | Scorpion |
| 23:37 | Build | Stable |
| 23:40 | Research | Chain Barding Armor |
| 23:50 | Build | Fish Trap |
| 23:53 | Build | House |
| 23:54 | Build | House |
| 23:54 | Build | House |
| 24:03 | Create | Steppe Lancer |
| 24:04 | Create | Steppe Lancer |
| 24:14 | Create | Mangonel |
| 24:20 | Create | Villager (Male) |
Match timeline
| 1:16 | Cpt.Autismo · wall_segment Palisade Wall x1 |
| 1:29 | Cpt.Autismo · wall_segment Palisade Wall x10 |
| 2:20 | IRON MIKE · wall_segment Palisade Wall x8 |
| 2:37 | IRON MIKE · wall_segment Palisade Wall x1 |
| 4:18 | 姬七兮 · first_building Dock |
| 4:31 | Half_59 · first_building Dock |
| 4:58 | Cpt.Autismo · wall_segment Palisade Wall x1 |
| 5:05 | Cpt.Autismo · wall_segment Palisade Wall x15 |
| 5:12 | cyberlogx · first_building Dock |
| 5:46 | Kempinho · first_building Dock |
| 5:47 | Cpt.Autismo · wall_segment Palisade Wall x10 |
| 6:14 | IRON MIKE · first_building Barracks |
| 6:52 | Cpt.Autismo · wall_segment Palisade Wall x11 |
| 8:10 | Cpt.Autismo · wall_segment Palisade Wall x1 |
| 8:14 | Cpt.Autismo · wall_segment Palisade Wall x7 |
| 8:26 | .::North::. · first_building Barracks |
| 8:37 | Cpt.Autismo · wall_segment Palisade Wall x13 |
| 9:20 | IRON MIKE · age_up feudal |
| 9:44 | cyberlogx · wall_segment Palisade Wall x1 |
| 9:46 | cyberlogx · wall_segment Palisade Wall x5 |
| 10:02 | cyberlogx · wall_segment Palisade Wall x10 |
| 10:03 | cyberlogx · wall_segment Palisade Wall x1 |
| 10:16 | .::North::. · age_up feudal |
| 10:21 | .::North::. · first_building Archery Range |
| 10:46 | Half_59 · age_up feudal |
| 10:48 | Cpt.Autismo · wall_segment Palisade Wall x5 |
| 10:57 | Kempinho · age_up feudal |
| 11:01 | IRON MIKE · wall_segment Stone Wall x8 |
| 11:04 | IRON MIKE · wall_segment Stone Wall x5 |
| 11:16 | 姬七兮 · age_up feudal |
| 11:29 | Thunder_Skull · age_up feudal |
| 12:22 | IRON MIKE · wall_segment Stone Wall x6 |
| 12:24 | IRON MIKE · wall_segment Stone Wall x4 |
| 13:02 | IRON MIKE · first_building Dock |
| 13:14 | cyberlogx · age_up feudal |
| 13:24 | IRON MIKE · wall_segment Stone Wall x10 |
| 13:24 | Kempinho · wall_segment Palisade Wall x1 |
| 13:26 | Kempinho · wall_segment Palisade Wall x1 |
| 13:28 | Kempinho · wall_segment Palisade Wall x1 |
| 13:39 | Cpt.Autismo · age_up feudal |
| 13:44 | Kempinho · wall_segment Palisade Wall x1 |
| 13:48 | Kempinho · wall_segment Palisade Wall x1 |
| 13:53 | Kempinho · wall_segment Palisade Wall x1 |
| 13:55 | Kempinho · wall_segment Palisade Wall x1 |
| 13:58 | Kempinho · wall_segment Palisade Wall x1 |
| 13:59 | Kempinho · wall_segment Palisade Wall x1 |
| 14:00 | Kempinho · wall_segment Palisade Wall x1 |
| 14:11 | Kempinho · wall_segment Palisade Wall x1 |
| 14:14 | Kempinho · wall_segment Palisade Wall x1 |
| 14:15 | Kempinho · wall_segment Palisade Wall x1 |
| 14:17 | Kempinho · wall_segment Palisade Wall x1 |
| 14:19 | Thunder_Skull · age_up castle |
| 14:20 | Kempinho · wall_segment Palisade Wall x1 |
| 14:23 | Kempinho · wall_segment Palisade Wall x1 |
| 14:25 | Kempinho · wall_segment Palisade Wall x1 |
| 14:26 | Cpt.Autismo · first_market_sell 100 wood |
| 14:27 | Kempinho · wall_segment Palisade Wall x1 |
| 14:29 | Half_59 · age_up castle |
| 14:29 | Cpt.Autismo · first_market_buy 100 food |
| 14:37 | .::North::. · first_building Dock |
| 14:43 | Half_59 · first_building Monastery |
| 14:48 | Kempinho · age_up castle |
| 15:17 | 姬七兮 · age_up castle |
| 15:27 | Kempinho · first_building Monastery |
| 16:21 | Cpt.Autismo · first_building Barracks |
| 16:49 | cyberlogx · age_up castle |
| 17:29 | Cpt.Autismo · age_up castle |
| 17:38 | Kempinho · first_market_buy 100 stone |
| 17:50 | cyberlogx · first_building Siege Workshop |
| 18:01 | Cpt.Autismo · wall_segment Stone Wall x9 |
| 18:06 | Half_59 · first_market_sell 100 wood |
| 18:07 | Half_59 · first_market_buy 100 food |
| 18:10 | 姬七兮 · first_building Monastery |
| 18:24 | IRON MIKE · wall_segment Stone Wall x12 |
| 18:56 | cyberlogx · first_building Barracks |
| 18:56 | .::North::. · first_market_buy 100 food |
| 19:05 | IRON MIKE · wall_segment Stone Wall x7 |
| 19:39 | Cpt.Autismo · wall_segment Stone Wall x14 |
| 19:53 | cyberlogx · first_building Archery Range |
| 19:58 | IRON MIKE · wall_segment Stone Wall x7 |
| 21:01 | IRON MIKE · first_market_sell 500 wood |
| 21:02 | IRON MIKE · first_market_buy 100 stone |
| 21:03 | 姬七兮 · first_building Siege Workshop |
| 21:37 | .::North::. · age_up castle |
| 21:48 | .::North::. · first_market_sell 100 food |
| 21:48 | IRON MIKE · wall_segment Palisade Wall x1 |
| 21:50 | IRON MIKE · wall_segment Palisade Wall x2 |
| 22:01 | 姬七兮 · first_building Barracks |
| 22:42 | .::North::. · first_building Siege Workshop |
| 22:44 | Thunder_Skull · first_building Monastery |
| 22:44 | Cpt.Autismo · first_building Monastery |
| 22:54 | 姬七兮 · first_building Stable |
| 23:13 | cyberlogx · wall_segment Palisade Wall x1 |
| 24:01 | cyberlogx · age_up imperial |
| 24:21 | Thunder_Skull · first_building Stable |
| 25:59 | 姬七兮 · first_building Castle |
| 26:11 | 姬七兮 · first_market_sell 100 food |
| 26:14 | Thunder_Skull · first_building Castle |
| 26:33 | Half_59 · first_building Barracks |
| 26:39 | Kempinho · first_building Barracks |
| 27:21 | 姬七兮 · tribute_sent a jugador 1 |
| 27:21 | 姬七兮 · tribute_sent a jugador 2 |
| 27:21 | 姬七兮 · tribute_sent a jugador 3 |
| 27:21 | 姬七兮 · tribute_sent a jugador 4 |
| 27:21 | 姬七兮 · tribute_sent a jugador 5 |
| 27:21 | 姬七兮 · tribute_sent a jugador 6 |
| 27:21 | 姬七兮 · tribute_sent a jugador 7 |
| 27:30 | Cpt.Autismo · first_building Archery Range |
| 27:47 | Cpt.Autismo · first_building Castle |
| 28:03 | Kempinho · first_building Stable |
| 28:07 | Half_59 · age_up imperial |
| 28:15 | Half_59 · first_building Siege Workshop |
| 28:26 | Kempinho · first_building Castle |
| 28:47 | Kempinho · age_up imperial |
| 28:52 | Cpt.Autismo · wall_segment Stone Wall x8 |
| 29:02 | Half_59 · wall_segment Stone Wall x3 |
| 29:13 | Kempinho · wall_segment Stone Wall x1 |
| 29:53 | Thunder_Skull · age_up imperial |
| 30:12 | Half_59 · first_building Castle |
| 31:47 | 姬七兮 · first_market_buy 500 wood |
| 32:14 | Kempinho · wall_segment Stone Wall x1 |
| 32:21 | Cpt.Autismo · age_up imperial |
| 32:28 | IRON MIKE · wall_segment Palisade Wall x1 |
| 32:41 | Kempinho · wall_segment Stone Wall x1 |
| 32:42 | Kempinho · wall_segment Stone Wall x1 |
| 32:43 | Kempinho · wall_segment Stone Wall x1 |
| 33:04 | Cpt.Autismo · wall_segment Stone Wall x11 |
| 33:28 | 姬七兮 · tribute_sent a jugador 1 |
| 33:28 | 姬七兮 · tribute_sent a jugador 2 |
| 33:28 | 姬七兮 · tribute_sent a jugador 3 |
| 33:28 | 姬七兮 · tribute_sent a jugador 4 |
| 33:28 | 姬七兮 · tribute_sent a jugador 5 |
| 33:28 | 姬七兮 · tribute_sent a jugador 6 |
| 33:28 | 姬七兮 · tribute_sent a jugador 7 |
| 34:42 | .::North::. · wall_segment Stone Wall x1 |
| 34:50 | 姬七兮 · age_up imperial |
| 36:44 | .::North::. · age_up imperial |
| 37:01 | Thunder_Skull · tribute_sent a jugador 1 |
| 37:01 | Thunder_Skull · tribute_sent a jugador 2 |
| 37:01 | Thunder_Skull · tribute_sent a jugador 3 |
| 37:01 | Thunder_Skull · tribute_sent a jugador 4 |
| 37:01 | Thunder_Skull · tribute_sent a jugador 5 |
| 37:01 | Thunder_Skull · tribute_sent a jugador 7 |
| 37:01 | Thunder_Skull · tribute_sent a jugador 8 |
| 37:51 | 姬七兮 · first_building Archery Range |
| 38:31 | Thunder_Skull · first_market_sell 500 wood |
| 38:53 | Thunder_Skull · tribute_sent a jugador 1 |
| 38:53 | Thunder_Skull · tribute_sent a jugador 2 |
| 38:53 | Thunder_Skull · tribute_sent a jugador 3 |
| 38:53 | Thunder_Skull · tribute_sent a jugador 4 |
| 38:53 | Thunder_Skull · tribute_sent a jugador 5 |
| 38:53 | Thunder_Skull · tribute_sent a jugador 7 |
| 38:53 | Thunder_Skull · tribute_sent a jugador 8 |
| 39:30 | IRON MIKE · age_up castle |
| 39:31 | Half_59 · wall_segment Stone Wall x10 |
| 40:10 | Kempinho · first_market_sell 500 food |
| 40:12 | IRON MIKE · first_building Castle |
| 40:45 | cyberlogx · first_building Castle |
| 41:05 | IRON MIKE · tribute_sent a jugador 1 |
| 41:05 | IRON MIKE · tribute_sent a jugador 2 |
| 41:05 | IRON MIKE · tribute_sent a jugador 3 |
| 41:05 | IRON MIKE · tribute_sent a jugador 5 |
| 41:05 | IRON MIKE · tribute_sent a jugador 6 |
| 41:05 | IRON MIKE · tribute_sent a jugador 7 |
| 41:05 | IRON MIKE · tribute_sent a jugador 8 |
| 43:25 | IRON MIKE · wall_segment Stone Wall x1 |
| 43:28 | Thunder_Skull · tribute_sent a jugador 1 |
| 43:28 | Thunder_Skull · tribute_sent a jugador 2 |
| 43:28 | Thunder_Skull · tribute_sent a jugador 3 |
| 43:28 | Thunder_Skull · tribute_sent a jugador 4 |
| 43:28 | Thunder_Skull · tribute_sent a jugador 5 |
| 43:28 | Thunder_Skull · tribute_sent a jugador 7 |
| 43:28 | Thunder_Skull · tribute_sent a jugador 8 |
| 43:38 | IRON MIKE · wall_segment Stone Wall x2 |
| 43:55 | Cpt.Autismo · tribute_sent a jugador 1 |
| 43:55 | Cpt.Autismo · tribute_sent a jugador 2 |
| 43:55 | Cpt.Autismo · tribute_sent a jugador 3 |
| 43:55 | Cpt.Autismo · tribute_sent a jugador 4 |
| 43:55 | Cpt.Autismo · tribute_sent a jugador 5 |
| 43:55 | Cpt.Autismo · tribute_sent a jugador 6 |
| 43:55 | Cpt.Autismo · tribute_sent a jugador 8 |
| 44:55 | .::North::. · first_building Castle |
| 45:10 | IRON MIKE · age_up imperial |
| 45:14 | cyberlogx · first_market_sell 100 wood |
| 45:21 | Kempinho · first_building Archery Range |
| 47:15 | cyberlogx · resign |
[ AI ANALYSIS · 1 CREDIT ]
What really happened in this match?
Wolo.gg analyzes every decision: build order, eco, micro, common mistakes by bracket. Personalized analysis on WhatsApp or Discord in 30 seconds.
Civ guide
Saracens
Perfil
Jugador #1500408